 Dungeon Crawl Stone Soup version 0.30-a0-862-g1aabd4f9c5 (webtiles) character file.

Game seed: 16889343967464841033

11 zenocrate the Grave Robber (level 2, 0/19 HPs)
             Began as a Vampire Necromancer on Mar 10, 2023.
             Slain by a jackal (2 damage)
             ... on level 1 of the Dungeon.
             The game lasted 00:00:32 (166 turns).

zenocrate the Grave Robber (Vampire Necromancer)     Turns: 166, Time: 00:00:33

Health: 0/19       AC:  2    Str:  7    XL:     2   Next: 13%
Magic:  4/5        EV: 12    Int: 17    God:
Gold:   32         SH:  0    Dex: 14    Spells: 4/5 levels left

rFire   . . .      SeeInvis +    a - +0 short sword
rCold   . . .      Faith    .    (no shield)
rNeg    . . .      Spirit   .    c - +0 robe
rPois   .          Reflect  .    (no helmet)
rElec   .          Rampage  .    (no cloak)
rCorr   .                        (no gloves)
Will    .....                    (no boots)
Stlth   ++                       (no amulet)
HPRegen 0.43/turn                (no ring)
MPRegen 0.09/turn                (no ring)

@: healing quickly
A: alive, fangs 3, see invisible, vampiric 1
a: Exsanguinate


You were on level 1 of the Dungeon.
You visited 1 branch of the dungeon, and saw 1 of its levels.

You collected 32 gold pieces.

Inventory:

Hand Weapons
 a - a +0 short sword (weapon)
Armour
 c - a +0 robe (worn)
Scrolls
 d - a scroll of amnesia {unknown}
Potions
 b - a potion of magic


   Skills:
 + Level 0.4 Short Blades
 - Level 2.1 Dodging
 + Level 3.3 Stealth
 + Level 2.1 Spellcasting
 * Level 4.6 Necromancy


You had 4 spell levels left.
You knew the following spells:

 Your Spells              Type           Power      Damage    Failure   Level
a - Necrotise             Necr           68%        1d7       2%          1

Your spell library contained the following spells:

 Spells                   Type           Power      Damage    Failure   Level
 Vampiric Draining        Necr           17%        2d7       9%          3
 Animate Dead             Necr           17%        N/A       28%         4
 Agony                    Necr           17%        N/A       61%         5


Dungeon Overview and Level Annotations

Branches:
Dungeon (1/15)

Altars:


Innate Abilities, Weirdness & Mutations

Your natural rate of healing is accelerated.
You have razor-sharp teeth.
You have supernaturally acute eyesight. (SInv)
You are afflicted with vampirism.


Message History

You hit the bat.
The bat is severely wounded.
The bat barely misses you. The jackal closely misses you.
You hit the jackal but do no damage. Your bite misses the jackal.
The jackal closely misses you. The bat hits you. The jackal bites you. x2
You barely miss the bat.
The bat is severely wounded.
The bat hits you. x2; The jackal barely misses you.
The jackal bites you.
You closely miss the jackal. The bat hits you. The jackal misses you. x2
The jackal closely misses you.
You are too injured to fight recklessly!
You barely miss the jackal. The jackal misses you. The bat closely misses you.
The jackal bites you.
The jackal bites you but does no damage.
You are too injured to fight recklessly!
You hit the jackal.
The jackal is moderately wounded.
The bat closely misses you.
The jackal bites you but does no damage.
The jackal bites you.
You are too injured to fight recklessly!
You hit the jackal.
You kill the jackal!
The bat hits you but does no damage. The jackal bites you.
* * * LOW HITPOINT WARNING * * *
The jackal bites you.
* * * LOW HITPOINT WARNING * * *
The jackal barely misses you.
Unknown command.
Casting: Necrotise (safe; 2% risk of failure)
Confirm with . or Enter, or press ? or * to list all spells.
Aiming: Necrotise (safe; 2% risk of failure)
Press: ? - help, Shift-Dir - straight line, f - jackal
Aim: a jackal (almost dead, chance to affect: 87%)
The jackal writhes in agony.
You kill the jackal!
The dead are walking!
The bat hits you.
* * * LOW HITPOINT WARNING * * *
The jackal bites you.
You die...

..####............ ###
#..........# ... ###
#..........# ...
..####..........###b ..#.
.........................
.####...........# #.$.#
.. #.....†....# #....#
#.# ###......†.###Z..#
#.# #.........b@†h.#
...............h##.##
.#####.............#
#.............#
#...........#..#
.................
..........##....##
..#####.# .##..


You could see 2 jackals, a bat and a friendly jackal skeleton.

Vanquished Creatures
  2 endoplasms (D:1)
  A giant cockroach (D:1)
  2 jackals (D:1)
  A ball python (D:1)
  3 rats (D:1)
9 creatures vanquished.

Vanquished Creatures (collateral kills)
  A bat (D:1)
  A quokka (D:1)
2 creatures vanquished.

Grand Total: 11 creatures vanquished

Notes
Turn   | Place    | Note
-------+----------+-------------------------------------------
     0 | D:1      | zenocrate the Vampire Necromancer began the quest for the
                  | Orb.
     0 | D:1      | Reached XP level 1. HP: 13/13 MP: 3/3
    98 | D:1      | Reached XP level 2. HP: 10/19 MP: 0/5
   166 | D:1      | Slain by a jackal

Illustrated notes

Levels and vault maps discovered:
D:1:      dpeg_arrival_orchard, layout_rooms, hangedman_decor_push

Action                     || total
---------------------------++-------
  Melee: Short sword       ||    24
         Unarmed           ||     8
         Bite              ||     5
         Punch             ||     1
   Cast: Necrotise         ||     6
 Armour: Robe              ||    16
  Dodge: Dodged            ||    58

Table legend: (Time is in decaauts)
 A = Elapsed time spent in this place.
 B = Non-inter-level travel time spent in this place.
 C = Inter-level travel time spent in this place.
 D = Time resting spent in this place.
 E = Time spent auto-exploring this place.
 F = Levels seen in this place.
 G = Mean time per level.
                   A        B        C        D        E       F      G
               +--------+--------+--------+--------+--------+-----+--------+
         Total |    165 |    165 |      0 |      0 |     91 |   1 |  165.0 |
       Dungeon |    165 |    165 |      0 |      0 |     91 |   1 |  165.0 |
               +--------+--------+--------+--------+--------+-----+--------+

Top non-repeatable levels by time:
     D:1: 165 daAuts
